 Dungeon Crawl Stone Soup version 0.28.0-49-g6dfe1f597d (webtiles) character file.

Game seed: 9040313437324519156

10558 Exodus22XD the Unseen (level 11, 0/54 HPs)
             Began as a Kobold Enchanter on May 15, 2022.
             Was an Elder of Dithmenos.
             Slain by an orc warrior
             ... wielding a +0 battleaxe
              (20 damage)
             ... on level 9 of the Dungeon.
             The game lasted 00:28:55 (10181 turns).

Exodus22XD the Unseen (Kobold Enchanter)           Turns: 10181, Time: 00:29:03

Health: 0/54       AC:  8    Str:  6    XL:     11   Next: 95%
Magic:  0/14       EV: 19    Int: 17    God:    Dithmenos [****..]
Gold:   358        SH:  0    Dex: 19    Spells: 6/14 levels left

rFire   . . .      SeeInvis .   C - +2 dagger (venom)
rCold   . . .      Faith    .   (no shield)
rNeg    + . .      Spirit   .   G - +0 steam dragon scales
rPois   .          Reflect  .   h - +0 helmet
rElec   .          Harm     .   (no cloak)
rCorr   .          Rampage  .   a - +0 pair of gloves
Will    .....                   c - +0 pair of boots Stlth **++++++++
                                z - amulet of regeneration
HPRegen 0.98/turn               l - +4 ring of evasion
MPRegen 0.14/turn               I - ring of positive energy

@: confusing by touch, wreathed by umbra
A: small, no large weapons, nightstalker 3
a: Renounce Religion, Shadow Step


You were on level 9 of the Dungeon.
You worshipped Dithmenos.
Dithmenos was greatly pleased with you.
You visited 1 branch of the dungeon, and saw 9 of its levels.
You also visited: Ossuary and Bailey.

You collected 386 gold pieces.
You spent 28 gold pieces at shops.

Inventory:

Hand Weapons
 y - a +0 rapier
 C - a +2 dagger of venom (weapon)
Armour
 a - a +0 pair of gloves (worn)
 b - a +0 robe
 c - a +0 pair of boots (worn)
 h - a +0 helmet (worn)
 G - +0 steam dragon scales (worn)
Jewellery
 l - a +4 ring of evasion (left hand)
 z - an amulet of regeneration (around neck)
 I - a ring of positive energy (right hand)
Wands
 p - a wand of polymorph (9)
 v - a wand of acid (7)
 x - a wand of mindburst (4)
 E - a wand of flame (29)
Scrolls
 d - 5 scrolls of teleportation
 e - 2 scrolls of fear
 f - a scroll of torment
 g - 2 scrolls of fog
 j - 2 scrolls of enchant weapon
 m - a scroll of acquirement {unknown}
 o - a scroll of immolation {unknown}
 t - a scroll of holy word {unknown}
 w - a scroll of noise {unknown}
 A - 3 scrolls of enchant armour
 F - a scroll of vulnerability
 H - a scroll of magic mapping {unknown}
Potions
 i - 4 potions of heal wounds
 k - 2 potions of attraction {unknown}
 n - 3 potions of mutation
 q - 2 potions of berserk rage {unknown}
 r - 2 potions of ambrosia {unknown}
 s - 2 potions of lignification {unknown}
 u - a potion of brilliance {unknown}
 B - 3 potions of haste {unknown}
 D - a potion of curing {unknown}


   Skills:
 * Level 10.7 Short Blades
 - Level 2.4 Dodging
 + Level 17.2 Stealth
 - Level 2.1 Spellcasting
 - Level 10.3 Hexes
 - Level 4.3 Invocations


You had 6 spell levels left.
You knew the following spells:

 Your Spells              Type           Power      Damage    Failure   Level
a - Ensorcelled Hibernat  Hex/Ice        38%        N/A       3%          2
b - Confusing Touch       Hex            36%        N/A       1%          3
c - Tukima's Dance        Hex            36%        N/A       1%          3

Your spell library contained the following spells:

 Spells                   Type           Power      Damage    Failure   Level
 Dazzling Flash           Conj/Hex       38%        N/A       7%          3
 Inner Flame              Hex/Fire       19%        N/A       7%          3
 Animate Skeleton         Necr           2%         N/A       19%         1
 Apportation              Tloc           2%         N/A       19%         1
 Foxfire                  Conj/Fire      4%         2x1d4     19%         1
 Pain                     Necr           4%         1d4       19%         1
 Summon Small Mammal      Summ           4%         N/A       19%         1
 Conjure Flame            Conj/Fire      1%         6-21      50%         3
 Flame Wave               Conj/Fire      1%         2d4       88%         4
 Agony                    Necr           1%         N/A       99%         5
 Excruciating Wounds      Necr           0%         N/A       99%         5


Dungeon Overview and Level Annotations

Branches:
Dungeon (9/15)             Temple (0/1) D:7         Ossuary (visited)
 Bailey (visited)
   Lair: D:8-11         Orc: D:9-12

Altars:
Dithmenos
Jiyva

Shops:
D:3 ?   D:5 [

Annotations:
D:7 1 runed translucent door, Crazy Yiuf


Innate Abilities, Weirdness & Mutations

You are small and have problems with some larger weapons.
You are completely attuned to the shadows.


Message History

You hit the two-headed ogre but do no damage.
The two-headed ogre appears confused.
The two-headed ogre is heavily wounded.
The centaur closely misses your +0 giant club.
The centaur barely misses your +0 giant club.
Your +0 giant club hits the two-headed ogre!!
The orc warrior completely misses you.
Casting: Confusing Touch (safe; 1% risk of failure)
Confirm with . or Enter, or press ? or * to list all spells.
Aiming: Ensorcelled Hibernation (safe; 3% risk of failure)
Press: ? - help, Shift-Dir - straight line, f - orc warrior, p - two-headed ogre
Aim: an orc warrior, wielding a +0 battleaxe and wearing a +0 chain mail (severely wounded, umbra, chance to affect: 51%)
The orc warrior resists with some effort.
Your shadow mimicks your spell!
The orc warrior resists with some effort.
The centaur wields a +0 shortbow.
The centaur shoots an arrow.
The arrow hits you.
The two-headed ogre asks, "Where am I?"
The orc warrior barely misses you.
You catch the helpless two-headed ogre completely off-guard!
You spit the two-headed ogre like a pig!!!
You kill the two-headed ogre!
Dithmenos accepts your kill.
The centaur shoots an arrow.
The arrow completely misses you.
Your Stealth skill increases to level 17!
Casting: Ensorcelled Hibernation (safe; 3% risk of failure)
Confirm with . or Enter, or press ? or * to list all spells.
Aiming: Ensorcelled Hibernation (safe; 3% risk of failure)
Press: ? - help, Shift-Dir - straight line, f/p - orc warrior
Aim: an orc warrior, wielding a +0 battleaxe and wearing a +0 chain mail (severely wounded, umbra, chance to affect: 51%)
The orc warrior resists with some effort.
The orc warrior misses you.
Casting: Ensorcelled Hibernation (safe; 3% risk of failure)
Confirm with . or Enter, or press ? or * to list all spells.
Your hands begin to glow red.
Your +0 giant club falls from the air.
The centaur unwields a +0 shortbow.
The centaur misses you. The centaur completely misses you.
The orc warrior hits you with a +0 battleaxe!!
You die...

###### ##....##
##......##.##
#...##..)#..
#..####..#.##.
#..####=.#...)#
#...##o........
##..c@.........
##.)..........
####.........
............
.............
...............
..............
............####
...............#


You could see an orc warrior and a centaur.

Vanquished Creatures
  A boulder beetle (D:9)
  A death knight (D:7)
  4 two-headed ogres (D:9)
  A tengu warrior (D:8)
  Maggie (D:7)
  A troll (D:7)
  A hornet (D:9)
  A yak (D:9)
  A basilisk (D:7)
  A wraith (D:7)
  2 steam dragons
  Menkaure (D:7)
  Duvessa (D:7)
  A water moccasin (D:5)
  12 orc warriors
  4 sky beasts
  3 ice beasts
  A necrophage (D:6)
  An ogre (D:5)
  2 wolves (D:8)
  12 centaurs
  A kobold brigand (D:5)
  A bullfrog (D:7)
  An elf zombie (Ossuary)
  3 scorpions
  Dowan (D:7)
  4 killer bees (D:7)
  3 wights (D:7)
  A howler monkey (D:8)
  3 centaur zombies
  A gnoll shaman (D:5)
  4 hounds
  2 centaur skeletons
  4 orc priests
  2 bullfrog skeletons
  Ijyb (D:4)
  4 orc wizards
  3 iguanas
  3 mummies
  3 gnolls (D:5)
  7 adders
  2 shadow imps (D:6)
  4 dart slugs
  32 orcs
  8 ball pythons
  6 endoplasms
  4 giant cockroaches
  7 goblins
  7 hobgoblins
  9 jackals
  16 kobolds
  5 quokkas
  6 bats
  6 frilled lizards
  6 hobgoblin zombies
  2 jackal zombies (Ossuary)
  7 kobold zombies (Ossuary)
  9 orc zombies
  3 rats
  2 rat zombies (Ossuary)
246 creatures vanquished.

Vanquished Creatures (others)
  A dancing weapon (Bailey)
1 creature vanquished.

Grand Total: 247 creatures vanquished

Notes
Turn   | Place    | Note
-------+----------+-------------------------------------------
     0 | D:1      | Exodus22XD the Kobold Enchanter began the quest for the
                  | Orb.
     0 | D:1      | Reached XP level 1. HP: 10/10 MP: 3/3
   238 | D:1      | Reached XP level 2. HP: 15/15 MP: 5/5
   254 | D:1      | Reached skill level 5 in Stealth
   267 | D:1      | Learned a level 2 spell: Ensorcelled Hibernation
   842 | D:1      | Reached XP level 3. HP: 19/19 MP: 6/6
  1147 | D:1      | Reached skill level 6 in Stealth
  1601 | D:2      | Found a shadowy altar of Dithmenos.
  1698 | D:2      | Reached XP level 4. HP: 23/24 MP: 0/7
  1705 | D:2      | Became a worshipper of Dithmenos the Shadowed
  1796 | D:2      | Reached skill level 7 in Stealth
  2182 | D:2      | Found a faded altar of an unknown god.
  2874 | D:3      | Reached XP level 5. HP: 28/28 MP: 3/8
  3161 | D:3      | Noticed an ice beast
  3309 | D:2      | Killed an ice beast
  3309 | D:2      | Reached * piety under Dithmenos
  3310 | D:2      | Reached skill level 9 in Stealth
  3310 | D:2      | Reached XP level 6. HP: 24/32 MP: 9/9
  3427 | D:3      | Found Mampop's Magic Scroll Shop.
  3437 | D:3      | Bought a scroll of identify for 28 gold pieces
  3688 | D:4      | Noticed Ijyb
  3693 | D:4      | Killed Ijyb
  3894 | D:4      | Reached skill level 10 in Stealth
  3910 | D:4      | Found a sand-covered staircase.
  3915 | Ossuary  | Entered an ossuary
  3990 | Ossuary  | Reached XP level 7. HP: 36/36 MP: 10/10
  3998 | Ossuary  | Reached ** piety under Dithmenos
  4444 | Ossuary  | Learned a level 3 spell: Confusing Touch
  5131 | D:5      | Entered Level 5 of the Dungeon
  5166 | D:5      | Reached skill level 5 in Short Blades
  5348 | D:5      | Noticed a water moccasin
  5498 | D:5      | Reached XP level 8. HP: 41/41 MP: 11/11
  5959 | D:5      | Found Mocuaf's Antique Armour Shop.
  6170 | D:5      | Reached *** piety under Dithmenos
  6171 | D:5      | Reached skill level 10 in Short Blades
  6730 | D:6      | Reached XP level 9. HP: 45/45 MP: 12/12
  6828 | D:6      | Reached skill level 5 in Hexes
  7483 | D:7      | Noticed Menkaure
  7490 | D:7      | Killed Menkaure
  7541 | D:7      | Noticed a troll
  7550 | D:7      | Killed a troll
  7586 | D:7      | Found the +8 lance "Wyrmbane" {slay drac, rPois rF+ rC+
                  | AC+3}
  7593 | D:7      | Noticed a death knight
  7596 | D:7      | Killed a death knight
  7597 | D:7      | Reached XP level 10. HP: 50/50 MP: 13/13
  7679 | D:7      | Found a staircase to the Ecumenical Temple.
  7761 | D:7      | Noticed Duvessa
  7762 | D:7      | Noticed Dowan
  7776 | D:7      | Killed Duvessa
  7784 | D:7      | Killed Dowan
  7785 | D:7      | Reached skill level 10 in Hexes
  8009 | D:7      | Reached skill level 11 in Stealth
  8062 | D:7      | Reached **** piety under Dithmenos
  8246 | D:7      | Found a runed translucent door.
  8249 | D:7      | Noticed Crazy Yiuf
  8278 | D:7      | Noticed Maggie
  8282 | D:7      | Killed Maggie
  8283 | D:7      | Reached skill level 12 in Stealth
  8283 | D:7      | Reached skill level 1 in Invocations
  8563 | D:8      | Learned a level 3 spell: Tukima's Dance
  8817 | D:8      | Noticed a cyclops
  9008 | D:8      | Found a flagged portal.
  9014 | Bailey   | Entered a bailey
  9217 | Bailey   | Reached skill level 13 in Stealth
  9263 | Bailey   | Reached XP level 11. HP: 33/54 MP: 11/14
  9562 | Bailey   | Reached skill level 14 in Stealth
  9855 | D:8      | Noticed a tengu warrior
  9861 | D:8      | Killed a tengu warrior
  9915 | D:8      | Found a viscous altar of Jiyva.
  9951 | D:9      | Noticed a boulder beetle
  9952 | D:9      | Killed a boulder beetle
  9953 | D:9      | Reached skill level 15 in Stealth
  9960 | D:9      | Noticed a two-headed ogre
  9964 | D:9      | Killed a two-headed ogre
 10039 | D:9      | Reached skill level 16 in Stealth
 10039 | D:9      | Noticed a two-headed ogre
 10070 | D:9      | Killed a two-headed ogre
 10149 | D:9      | Noticed a two-headed ogre
 10153 | D:9      | Killed a two-headed ogre
 10154 | D:9      | Noticed a two-headed ogre
 10179 | D:9      | Killed a two-headed ogre
 10180 | D:9      | Reached skill level 17 in Stealth
 10181 | D:9      | Slain by an orc warrior

Illustrated notes

Levels and vault maps discovered:
D:1:      co_arrival_hexagon_in_a_hexagon, layout_basic,
          hangedman_abyss_or_decor_lesser_grid, hangedman_decor_riveting,
          nicolae_figureground_pulse
D:2:      minmay_kobold_bridge, layout_rooms, basic_altar,
          ebering_ecumenical_altar_webs, chequers_serial_rivers_small_3
D:3:      layout_rooms, serial_shops, nicolae_shop_statue_plus
D:4:      layout_loops_cross, nicolae_ossuary_entry_giza,
          minmay_misc_feat_square, uniq_ijyb
D:5:      layout_loops_ring, serial_shops, nicolae_shop_behind_doors
D:6:      layout_loops_corners
D:7:      minmay_blocky_corners, layout_basic, minmay_temple_entry_nine_rooms,
          uniq_duvessa, uniq_maggie, uniq_menkaure, uniq_crazy_yiuf_cottage
D:8:      layout_loops_cross, erik_lair_island, enter_bailey_2,
          minmay_misc_feat_rugged, jiyva_altar_1
D:9:      minmay_four_partial_circles, layout_rooms, orc_david_3

Skill      XL: |  1  2  3  4  5  6  7  8  9 10 11 |
---------------+----------------------------------+-----
Stealth        | 5 6 7 9 10 13 17 | 17.2
Short Blades   | 6 10 | 10.7
Hexes          | 9 10 | 10.3
Invocations    | 2 4 |  4.3
Dodging        | |  2.4
Spellcasting   | |  2.1

Action                   |  1- 3 |  4- 6 |  7- 9 | 10-12 || total
-------------------------+-------+-------+-------+-------++-------
Melee: Dagger            |   121 |   179 |   369 |   325 ||   994
       Punch             |       |     2 |     2 |     4 ||     8
 Cast: Ensorcelled Hiber |     7 |    16 |    18 |    13 ||    54
       Confusing Touch   |       |       |     4 |    12 ||    16
       Tukima's Dance    |       |       |       |     8 ||     8
  Use: Potion            |       |     1 |     1 |       ||     2
       Scroll            |       |     3 |       |     6 ||     9
 Stab: Sleeping          |    20 |    41 |    52 |    35 ||   148
       Invisible         |       |     2 |       |       ||     2
       Confused          |       |       |     4 |    10 ||    14
       Distracted        |       |       |       |     2 ||     2
Armor: Robe              |    20 |    43 |    29 |    11 ||   103
       Steam dragon scal |       |       |       |    22 ||    22
Dodge: Dodged            |    83 |   160 |   246 |   274 ||   763
